[ AOE2 MATCH · #457053052 ]
Team RMInca vs Mongols
[ REPLAY ANALYSIS · EXTRACTED FROM THE RECORDED GAME ]
Feudal
13:08
Castle
20:46
Imperial
42:00
| APM avg | 24.4 |
| APM peak | 54 |
| eAPM avg | 13.5 |
| Villagers / military | 71 / 135 |
Focus
⚔️ 33.3% · 🌾 66.7%
Skirmisher ×84 · Kamayuk ×41 · Trade Cart ×28 · Spearman ×5 · Battering Ram ×3 · Trebuchet (Packed) ×2
Feudal
15:02
Castle
25:20
Imperial
36:40
| APM avg | 14.9 |
| APM peak | 42 |
| eAPM avg | 11.4 |
| Villagers / military | 132 / 117 |
Focus
⚔️ 21.5% · 🌾 78.5%
Scout Cavalry ×110 · Trade Cart ×37 · Trebuchet (Packed) ×3 · Monk ×2 · Spearman ×2
Feudal
15:43
Castle
28:52
Imperial
51:13
| APM avg | 23.1 |
| APM peak | 60 |
| eAPM avg | 16.7 |
| Villagers / military | 117 / 102 |
Focus
⚔️ 25.2% · 🌾 74.8%
Camel Scout ×34 · Trade Cart ×23 · Scout Cavalry ×23 · Militia ×18 · Skirmisher ×15 · Knight ×8
Feudal
15:28
Castle
28:40
Imperial
44:12
| APM avg | 25.7 |
| APM peak | 67 |
| eAPM avg | 18.1 |
| Villagers / military | 130 / 169 |
Focus
⚔️ 35.7% · 🌾 64.3%
Scout Cavalry ×103 · Spearman ×62 · Trade Cart ×14 · Militia ×2 · Monk ×1 · Mangonel ×1
Feudal
19:08
Castle
33:23
Imperial
—
| APM avg | 9.1 |
| APM peak | 27 |
| eAPM avg | 6.9 |
| Villagers / military | 80 / 6 |
Focus
⚔️ 11.5% · 🌾 88.5%
Scout Cavalry ×6 · Trade Cart ×5
Feudal
14:33
Castle
19:31
Imperial
40:21
| APM avg | 21.7 |
| APM peak | 82 |
| eAPM avg | 12.5 |
| Villagers / military | 124 / 52 |
Focus
⚔️ 12.9% · 🌾 87.1%
Genitour ×37 · Trade Cart ×36 · Camel Archer ×8 · Mangonel ×4 · Trebuchet (Packed) ×3
Feudal
13:44
Castle
32:28
Imperial
—
| APM avg | 20.4 |
| APM peak | 45 |
| eAPM avg | 12.7 |
| Villagers / military | 55 / 26 |
Focus
⚔️ 11.5% · 🌾 88.5%
Skirmisher ×15 · Archer ×4 · Battering Ram ×4 · Iron Pagoda ×3
Feudal
12:24
Castle
24:43
Imperial
41:21
| APM avg | 27.9 |
| APM peak | 100 |
| eAPM avg | 14.6 |
| Villagers / military | 85 / 178 |
Focus
⚔️ 22.5% · 🌾 77.5%
Scout Cavalry ×115 · Cavalry Archer ×49 · Trade Cart ×17 · Battering Ram ×8 · Skirmisher ×4 · Knight ×2
Match map
Initial resources + every placement click. Lines = walls · curves = elevation contours. ◆ gold · ⬟ stone · ● berries · ✦ relic · ◌ wall gap
Your base· Open — unwalled flank
_xy_2252's base· Open — 11t gap
[FCH] Hothir's base· Open — unwalled flank
Maximo7z's base· Open — unwalled flank
Calimehtar's base· Open — 7t gap
Sir Loinsteak's base· Open — 15t gap
condandonglao's base· Open — unwalled flank
Iron Kaiser Gaming's base· Open — unwalled flank
Smoothed initial terrain · ◌ = detected wall gap · hover for details
Inputs per minute
— Грызун Уретры - - _xy_2252
Build order — Грызун Уретры
First 150 of 294 actions detected
| 0:42 | Build | Town Center |
| 1:09 | Build | House |
| 1:10 | Build | House |
| 2:49 | Create | Villager (Male) ×4 |
| 4:10 | Create | Villager (Male) |
| 4:19 | Build | Settlement |
| 4:36 | Create | Villager (Male) |
| 5:11 | Create | Villager (Male) |
| 5:11 | Create | Villager (Male) |
| 5:51 | Create | Villager (Male) |
| 5:51 | Create | Villager (Male) |
| 6:19 | Create | Villager (Male) |
| 6:19 | Create | Villager (Male) |
| 6:28 | Create | Villager (Male) |
| 7:05 | Build | Farm |
| 7:12 | Create | Villager (Male) |
| 7:13 | Create | Villager (Male) |
| 8:01 | Create | Villager (Male) |
| 8:06 | Build | Farm |
| 8:14 | Build | Farm |
| 8:17 | Create | Villager (Male) |
| 8:27 | Create | Villager (Male) |
| 8:28 | Create | Villager (Male) |
| 8:54 | Create | Villager (Male) |
| 8:54 | Create | Villager (Male) |
| 9:36 | Build | Farm |
| 10:15 | Create | Villager (Male) |
| 10:50 | Research | Feudal Age |
| 11:27 | Build | Farm |
| 11:30 | Build | Farm |
| 11:39 | Research | Loom |
| 11:41 | Create | Villager (Male) |
| 11:54 | Build | Settlement |
| 12:11 | Create | Villager (Male) |
| 12:12 | Create | Villager (Male) |
| 13:08 | Age | Feudal Age |
| 13:20 | Research | Double-Bit Axe |
| 13:36 | Research | Horse Collar |
| 13:38 | Create | Villager (Male) |
| 14:19 | Build | Stone Wall |
| 14:38 | Build | Blacksmith |
| 14:45 | Create | Villager (Male) |
| 14:46 | Create | Villager (Male) |
| 15:05 | Create | Villager (Male) |
| 15:05 | Create | Villager (Male) |
| 15:24 | Build | Market |
| 15:29 | Build | Stone Wall |
| 15:42 | Build | Settlement |
| 16:11 | Build | Stone Wall |
| 16:37 | Create | Villager (Male) |
| 16:39 | Research | Stone Mining |
| 17:21 | Build | Stone Wall |
| 17:32 | Build | Stone Wall |
| 17:42 | Build | Stone Wall |
| 18:06 | Research | Castle Age |
| 18:15 | Build | Barracks |
| 18:24 | Build | Settlement |
| 19:13 | Create | Spearman |
| 19:24 | Create | Spearman |
| 19:24 | Create | Spearman |
| 19:32 | Build | Archery Range |
| 19:48 | Create | Villager (Male) |
| 19:48 | Create | Villager (Male) |
| 20:19 | Build | Market |
| 20:34 | Create | Spearman |
| 20:34 | Create | Spearman |
| 20:46 | Age | Castle Age |
| 20:59 | Research | Bow Saw |
| 21:01 | Create | Villager (Male) |
| 21:14 | Build | Castle |
| 22:00 | Create | Trade Cart |
| 22:00 | Create | Trade Cart |
| 22:13 | Build | Stone Wall |
| 22:18 | Build | Stone Wall |
| 23:04 | Create | Villager (Male) |
| 23:04 | Create | Villager (Male) |
| 23:04 | Create | Villager (Male) |
| 24:13 | Build | Town Center |
| 24:15 | Research | Caravan |
| 24:17 | Create | Trade Cart |
| 24:17 | Create | Trade Cart |
| 24:35 | Create | Villager (Male) |
| 24:36 | Create | Villager (Male) |
| 24:38 | Create | Villager (Male) |
| 24:42 | Build | Farm |
| 24:43 | Build | Farm |
| 24:48 | Build | Farm |
| 24:50 | Research | Heavy Plow |
| 24:55 | Create | Kamayuk |
| 24:56 | Create | Kamayuk |
| 25:15 | Build | Stone Wall |
| 25:18 | Create | Villager (Male) |
| 25:18 | Create | Villager (Male) |
| 25:23 | Research | Arson |
| 25:23 | Research | Squires |
| 25:58 | Create | Trade Cart |
| 25:59 | Create | Trade Cart |
| 26:06 | Create | Villager (Male) |
| 26:07 | Create | Villager (Male) |
| 26:16 | Build | Farm |
| 26:17 | Build | Farm |
| 26:17 | Build | Farm |
| 26:17 | Build | Farm |
| 26:19 | Build | Farm |
| 26:48 | Create | Kamayuk |
| 26:48 | Create | Kamayuk |
| 27:08 | Research | Scale Mail Armor |
| 27:14 | Build | Farm |
| 27:15 | Build | Farm |
| 27:30 | Create | Kamayuk |
| 27:33 | Create | Villager (Male) |
| 27:34 | Create | Villager (Male) |
| 27:42 | Build | Farm |
| 27:43 | Build | Farm |
| 27:43 | Build | Farm |
| 27:44 | Build | Farm |
| 27:55 | Build | Gate |
| 27:57 | Build | Stone Wall |
| 28:00 | Create | Kamayuk |
| 28:16 | Build | Stone Wall |
| 28:23 | Create | Kamayuk |
| 28:28 | Create | Kamayuk |
| 28:44 | Create | Kamayuk |
| 28:44 | Create | Kamayuk |
| 28:45 | Create | Villager (Male) |
| 28:46 | Create | Villager (Male) |
| 28:46 | Create | Villager (Male) |
| 28:47 | Create | Villager (Male) |
| 28:51 | Build | Farm |
| 28:52 | Build | Farm |
| 28:54 | Build | Farm |
| 28:56 | Build | Farm |
| 29:18 | Build | Gate |
| 29:22 | Build | University |
| 29:25 | Build | Farm |
| 29:26 | Create | Kamayuk |
| 29:27 | Create | Kamayuk |
| 29:28 | Create | Villager (Male) |
| 29:28 | Create | Villager (Male) |
| 29:29 | Create | Villager (Male) |
| 29:29 | Create | Villager (Male) |
| 29:31 | Build | Farm |
| 29:31 | Build | Farm |
| 29:45 | Create | Trade Cart |
| 29:45 | Create | Trade Cart |
| 30:14 | Create | Kamayuk |
| 30:14 | Create | Kamayuk |
| 30:51 | Create | Kamayuk |
| 31:14 | Research | Forging |
| 31:14 | Research | Chain Mail Armor |
Build order — _xy_2252
First 150 of 426 actions detected
| 1:07 | Build | Town Center |
| 3:06 | Build | House |
| 3:32 | Create | Villager (Male) |
| 3:33 | Create | Villager (Male) |
| 3:33 | Create | Villager (Male) |
| 3:37 | Create | Villager (Male) |
| 3:37 | Create | Villager (Male) |
| 4:23 | Research | Loom |
| 4:23 | Research | Loom |
| 4:23 | Create | Villager (Male) |
| 4:24 | Create | Villager (Male) |
| 4:42 | Build | House |
| 5:07 | Create | Villager (Male) |
| 5:40 | Create | Villager (Male) |
| 5:40 | Create | Villager (Male) |
| 5:40 | Create | Villager (Male) |
| 6:06 | Create | Villager (Male) |
| 6:07 | Create | Villager (Male) |
| 6:24 | Build | House |
| 6:48 | Create | Villager (Male) |
| 6:51 | Create | Villager (Male) |
| 6:52 | Create | Villager (Male) |
| 7:44 | Build | House |
| 7:50 | Create | Villager (Male) |
| 7:50 | Create | Villager (Male) |
| 7:51 | Create | Villager (Male) |
| 7:51 | Create | Villager (Male) |
| 8:05 | Create | Villager (Male) |
| 8:05 | Create | Villager (Male) |
| 8:25 | Create | Villager (Male) |
| 9:37 | Create | Villager (Male) |
| 9:50 | Build | House |
| 9:59 | Build | Palisade Wall |
| 10:10 | Create | Villager (Male) |
| 10:25 | Create | Villager (Male) |
| 10:50 | Build | Lumber Camp |
| 10:53 | Create | Villager (Male) |
| 11:19 | Create | Villager (Male) |
| 11:45 | Build | House |
| 11:57 | Create | Villager (Male) |
| 12:06 | Build | Mill |
| 12:22 | Create | Villager (Male) |
| 12:52 | Research | Feudal Age |
| 12:52 | Research | Feudal Age |
| 14:15 | Build | Mining Camp |
| 14:34 | Build | House |
| 14:39 | Build | House |
| 15:02 | Age | Feudal Age |
| 15:17 | Build | Donjon |
| 15:18 | Create | Villager (Male) |
| 15:25 | Research | Double-Bit Axe |
| 15:25 | Research | Double-Bit Axe |
| 15:26 | Research | Horse Collar |
| 15:26 | Research | Horse Collar |
| 15:27 | Research | Horse Collar |
| 15:28 | Create | Villager (Male) |
| 15:36 | Build | Farm |
| 15:38 | Build | Farm |
| 15:41 | Build | Farm |
| 15:42 | Build | Farm |
| 15:45 | Build | Farm |
| 15:47 | Build | Farm |
| 15:48 | Build | Farm |
| 15:50 | Build | Farm |
| 15:52 | Build | Farm |
| 15:57 | Create | Villager (Male) |
| 16:04 | Build | House |
| 16:13 | Build | Palisade Wall |
| 16:27 | Build | Palisade Wall |
| 16:29 | Build | Palisade Wall |
| 16:47 | Create | Villager (Male) |
| 16:51 | Create | Villager (Male) |
| 17:09 | Create | Villager (Male) |
| 17:43 | Build | Farm |
| 17:48 | Build | Farm |
| 17:56 | Build | Mill |
| 18:04 | Create | Villager (Male) |
| 18:08 | Create | Villager (Male) |
| 18:26 | Research | Wheelbarrow |
| 18:26 | Research | Wheelbarrow |
| 18:59 | Create | Villager (Male) |
| 19:13 | Create | Villager (Male) |
| 19:41 | Build | Barracks |
| 19:48 | Create | Villager (Male) |
| 20:19 | Create | Spearman |
| 20:22 | Create | Villager (Male) |
| 20:53 | Build | Market |
| 20:59 | Create | Villager (Male) |
| 21:10 | Create | Spearman |
| 21:50 | Build | Blacksmith |
| 21:50 | Create | Villager (Male) |
| 21:55 | Research | Town Watch |
| 22:21 | Build | Mill |
| 22:27 | Research | Castle Age |
| 23:13 | Build | Outpost |
| 23:55 | Build | Outpost |
| 24:20 | Build | House |
| 24:34 | Build | House |
| 24:40 | Build | House |
| 25:04 | Build | House |
| 25:20 | Age | Castle Age |
| 25:23 | Research | Hand Cart |
| 25:23 | Research | Hand Cart |
| 25:29 | Build | Monastery |
| 25:34 | Build | University |
| 25:37 | Create | Villager (Male) |
| 25:57 | Build | Town Center |
| 26:06 | Create | Villager (Male) |
| 26:20 | Research | Caravan |
| 26:43 | Build | Town Center |
| 26:50 | Build | Mining Camp |
| 26:52 | Create | Villager (Male) |
| 26:57 | Research | Bow Saw |
| 26:58 | Research | Bow Saw |
| 27:01 | Create | Villager (Male) |
| 27:01 | Create | Villager (Male) |
| 27:04 | Create | Villager (Male) |
| 27:58 | Create | Villager (Male) |
| 28:00 | Create | Villager (Male) |
| 28:02 | Create | Villager (Male) |
| 28:12 | Build | Lumber Camp |
| 28:18 | Create | Villager (Male) |
| 28:18 | Create | Villager (Male) |
| 28:22 | Create | Villager (Male) |
| 28:24 | Create | Villager (Male) |
| 28:39 | Create | Trade Cart ×5 |
| 28:44 | Create | Villager (Male) |
| 28:46 | Create | Villager (Male) |
| 28:50 | Create | Villager (Male) |
| 28:56 | Create | Villager (Male) |
| 28:59 | Create | Villager (Male) |
| 29:06 | Create | Villager (Male) |
| 29:18 | Create | Villager (Male) |
| 29:22 | Create | Villager (Male) |
| 29:25 | Build | Farm |
| 29:27 | Build | Farm |
| 29:29 | Build | Farm |
| 29:30 | Build | Farm |
| 29:32 | Build | Farm |
| 29:33 | Build | Farm |
| 29:36 | Create | Villager (Male) |
| 29:38 | Create | Villager (Male) |
| 29:39 | Create | Villager (Male) |
| 29:40 | Create | Villager (Male) |
| 29:57 | Create | Villager (Male) |
| 30:04 | Create | Villager (Male) |
| 30:05 | Create | Villager (Male) |
| 30:07 | Create | Villager (Male) |
| 30:16 | Create | Monk |
| 30:28 | Build | Castle |
Build order — [FCH] Hothir
First 150 of 405 actions detected
| 0:27 | Build | Town Center |
| 2:24 | Build | House |
| 2:25 | Build | House |
| 2:29 | Create | Villager (Male) |
| 2:29 | Create | Villager (Male) |
| 2:29 | Create | Villager (Male) |
| 2:29 | Create | Villager (Male) |
| 2:30 | Create | Villager (Male) |
| 4:27 | Create | Villager (Male) |
| 4:27 | Create | Villager (Male) |
| 5:00 | Create | Villager (Male) |
| 5:00 | Create | Villager (Male) |
| 5:00 | Create | Villager (Male) |
| 5:00 | Create | Villager (Male) |
| 5:05 | Research | Loom |
| 5:50 | Build | Mill |
| 6:07 | Create | Villager (Male) |
| 6:08 | Create | Villager (Male) |
| 6:08 | Create | Villager (Male) |
| 6:08 | Create | Villager (Male) |
| 6:53 | Build | Farm |
| 7:00 | Build | Farm |
| 7:01 | Build | Farm |
| 8:06 | Create | Villager (Male) |
| 8:06 | Create | Villager (Male) |
| 8:06 | Create | Villager (Male) |
| 8:06 | Create | Villager (Male) |
| 8:07 | Create | Villager (Male) |
| 9:03 | Build | House |
| 9:04 | Build | House |
| 9:10 | Build | House |
| 9:47 | Build | House |
| 9:58 | Create | Villager (Male) |
| 9:58 | Create | Villager (Male) |
| 9:58 | Create | Villager (Male) |
| 9:58 | Create | Villager (Male) |
| 10:09 | Build | Lumber Camp |
| 10:22 | Build | Mill |
| 11:41 | Build | Mining Camp |
| 11:45 | Build | Palisade Wall |
| 11:55 | Build | Palisade Wall |
| 12:05 | Create | Villager (Male) |
| 12:05 | Create | Villager (Male) |
| 12:06 | Create | Villager (Male) |
| 12:06 | Create | Villager (Male) |
| 12:53 | Build | Barracks |
| 13:13 | Research | Feudal Age |
| 13:50 | Build | House |
| 14:16 | Build | Mining Camp |
| 14:26 | Build | House |
| 14:28 | Build | House |
| 14:44 | Build | House |
| 14:48 | Build | House |
| 15:06 | Create | Villager (Male) |
| 15:25 | Create | Militia |
| 15:25 | Create | Militia |
| 15:43 | Age | Feudal Age |
| 15:45 | Build | Blacksmith |
| 15:56 | Research | Man-at-Arms (upgrade) |
| 16:07 | Build | Farm |
| 16:11 | Build | Farm |
| 16:21 | Create | Militia |
| 16:21 | Create | Militia |
| 16:25 | Build | Farm |
| 16:44 | Build | Market |
| 16:51 | Build | Lumber Camp |
| 17:05 | Build | Farm |
| 17:13 | Create | Villager (Male) |
| 17:14 | Create | Villager (Male) |
| 17:14 | Create | Villager (Male) |
| 17:20 | Build | Farm |
| 17:21 | Build | Farm |
| 17:21 | Build | Farm |
| 17:22 | Build | Farm |
| 17:22 | Build | Farm |
| 17:30 | Build | House |
| 17:32 | Build | House |
| 17:35 | Build | Palisade Wall |
| 17:43 | Build | House |
| 17:56 | Create | Villager (Male) |
| 17:56 | Create | Villager (Male) |
| 18:05 | Build | Farm |
| 18:50 | Build | Watch Tower |
| 18:54 | Build | Mining Camp |
| 19:04 | Create | Villager (Male) |
| 19:04 | Create | Villager (Male) |
| 19:04 | Create | Villager (Male) |
| 19:18 | Build | Farm |
| 19:25 | Build | House |
| 19:28 | Build | Palisade Wall |
| 19:41 | Build | Stable |
| 20:13 | Create | Trade Cart |
| 20:57 | Create | Villager (Male) |
| 20:57 | Create | Villager (Male) |
| 20:57 | Create | Villager (Male) |
| 20:58 | Create | Villager (Male) |
| 20:58 | Create | Villager (Male) |
| 20:58 | Create | Villager (Male) |
| 20:58 | Create | Villager (Male) |
| 21:17 | Build | Farm |
| 21:27 | Build | House |
| 21:29 | Build | House |
| 21:30 | Build | House |
| 21:35 | Build | House |
| 21:38 | Build | House |
| 21:55 | Research | Fletching |
| 23:11 | Build | Farm |
| 23:11 | Build | Farm |
| 23:11 | Build | Farm |
| 23:12 | Build | Farm |
| 23:28 | Create | Villager (Male) |
| 23:28 | Create | Villager (Male) |
| 23:29 | Create | Villager (Male) |
| 23:29 | Create | Villager (Male) |
| 23:56 | Create | Villager (Male) |
| 24:16 | Build | Farm |
| 24:21 | Build | Farm |
| 24:26 | Create | Trade Cart |
| 24:26 | Create | Trade Cart |
| 24:26 | Create | Trade Cart |
| 25:31 | Build | Farm |
| 25:34 | Create | Villager (Male) |
| 25:49 | Build | House |
| 25:51 | Build | House |
| 26:12 | Research | Castle Age |
| 26:32 | Build | Archery Range |
| 26:33 | Build | Archery Range |
| 27:03 | Build | Farm |
| 27:04 | Build | Farm |
| 27:18 | Research | Bloodlines |
| 28:26 | Build | Stable |
| 28:28 | Build | Stable |
| 28:45 | Build | Lumber Camp |
| 28:52 | Age | Castle Age |
| 28:56 | Build | Siege Workshop |
| 29:03 | Research | Husbandry |
| 29:12 | Build | Farm |
| 29:12 | Build | Farm |
| 29:17 | Build | Farm |
| 29:20 | Build | House |
| 29:21 | Build | House |
| 29:21 | Build | House |
| 29:23 | Research | Horse Collar |
| 29:24 | Research | Horse Collar |
| 29:25 | Create | Trade Cart |
| 29:25 | Create | Trade Cart |
| 29:27 | Research | Caravan |
| 29:36 | Create | Villager (Male) |
| 29:36 | Create | Villager (Male) |
| 29:36 | Create | Villager (Male) |
Build order — Maximo7z
First 150 of 440 actions detected
| 0:11 | Build | Town Center |
| 2:38 | Create | Villager (Male) |
| 2:39 | Create | Villager (Male) |
| 2:44 | Build | House |
| 2:45 | Create | Villager (Male) |
| 2:45 | Create | Villager (Male) |
| 3:21 | Build | House |
| 3:38 | Build | Palisade Gate |
| 4:01 | Create | Villager (Male) |
| 4:01 | Create | Villager (Male) |
| 4:32 | Create | Villager (Male) |
| 4:58 | Create | Villager (Male) |
| 5:30 | Create | Villager (Male) |
| 5:30 | Create | Villager (Male) |
| 6:01 | Build | Lumber Camp |
| 6:04 | Create | Villager (Male) |
| 6:25 | Build | Mill |
| 6:33 | Create | Villager (Male) |
| 6:53 | Build | House |
| 6:58 | Build | Palisade Wall |
| 7:01 | Build | Palisade Wall |
| 7:02 | Create | Villager (Male) |
| 7:29 | Create | Villager (Male) |
| 7:32 | Create | Villager (Male) |
| 7:33 | Research | Loom |
| 7:37 | Build | Farm |
| 7:58 | Build | Farm |
| 8:16 | Build | Farm |
| 8:34 | Build | Farm |
| 8:36 | Create | Villager (Male) |
| 8:53 | Create | Villager (Male) |
| 9:06 | Create | Villager (Male) |
| 9:31 | Create | Villager (Male) |
| 9:35 | Build | Farm |
| 9:55 | Build | House |
| 9:57 | Build | House |
| 10:13 | Build | Farm |
| 10:16 | Build | Farm |
| 10:17 | Create | Villager (Male) |
| 10:21 | Build | House |
| 10:55 | Build | Palisade Wall |
| 10:57 | Build | Palisade Wall |
| 10:59 | Build | Palisade Wall |
| 11:13 | Create | Villager (Male) |
| 11:22 | Build | Farm |
| 11:22 | Build | Farm |
| 11:24 | Create | Villager (Male) |
| 11:45 | Build | Palisade Gate |
| 12:06 | Create | Villager (Male) |
| 12:09 | Build | Farm |
| 12:31 | Build | Palisade Wall |
| 12:33 | Create | Villager (Male) |
| 13:18 | Research | Feudal Age |
| 13:47 | Build | Barracks |
| 14:04 | Create | Villager (Male) |
| 14:04 | Create | Villager (Male) |
| 14:13 | Build | Palisade Wall |
| 14:16 | Build | Palisade Wall |
| 14:38 | Build | House |
| 14:41 | Build | Palisade Wall |
| 15:08 | Build | Palisade Gate |
| 15:16 | Build | House |
| 15:28 | Age | Feudal Age |
| 15:40 | Build | Watch Tower |
| 15:45 | Build | Palisade Gate |
| 15:49 | Build | House |
| 15:54 | Build | Palisade Wall |
| 15:59 | Create | Villager (Male) |
| 16:07 | Research | Double-Bit Axe |
| 16:10 | Research | Horse Collar |
| 16:27 | Research | Town Watch |
| 16:33 | Build | House |
| 16:35 | Build | Palisade Wall |
| 16:56 | Build | Watch Tower |
| 17:08 | Build | Watch Tower |
| 17:12 | Create | Villager (Male) |
| 17:29 | Create | Villager (Male) |
| 17:47 | Build | Farm |
| 17:51 | Build | Farm |
| 17:53 | Create | Villager (Male) |
| 18:05 | Create | Villager (Male) |
| 18:19 | Build | Blacksmith |
| 18:44 | Create | Villager (Male) |
| 18:55 | Create | Villager (Male) |
| 19:07 | Research | Fletching |
| 19:16 | Build | Watch Tower |
| 19:28 | Create | Villager (Male) |
| 19:35 | Build | House |
| 19:39 | Build | Palisade Wall |
| 19:46 | Create | Villager (Male) |
| 19:49 | Build | Stone Wall |
| 19:50 | Build | Stone Wall |
| 19:51 | Build | Stone Wall |
| 19:52 | Build | Stone Wall |
| 19:53 | Build | Stone Wall |
| 19:54 | Build | Stone Wall |
| 19:54 | Build | Stone Wall |
| 19:56 | Create | Villager (Male) |
| 20:02 | Create | Villager (Male) |
| 20:08 | Create | Villager (Male) |
| 20:23 | Create | Villager (Male) |
| 20:39 | Build | Gate |
| 21:20 | Create | Militia |
| 21:20 | Create | Militia |
| 21:25 | Build | Palisade Wall |
| 21:57 | Create | Villager (Male) |
| 23:01 | Build | Mill |
| 23:24 | Build | Farm |
| 23:27 | Build | Farm |
| 23:30 | Build | Farm |
| 23:31 | Create | Villager (Male) |
| 23:50 | Create | Villager (Male) |
| 24:05 | Create | Villager (Male) |
| 24:48 | Create | Villager (Male) |
| 25:04 | Build | Stable |
| 25:09 | Build | Stable |
| 25:28 | Build | Mining Camp |
| 25:32 | Build | Lumber Camp |
| 25:34 | Create | Villager (Male) |
| 25:39 | Research | Scale Barding Armor |
| 25:40 | Research | Forging |
| 25:42 | Create | Villager (Male) |
| 25:58 | Research | Castle Age |
| 26:03 | Research | Scale Barding Armor |
| 27:51 | Create | Scout Cavalry |
| 27:51 | Create | Scout Cavalry |
| 28:02 | Create | Villager (Male) |
| 28:09 | Build | Farm |
| 28:09 | Build | Farm |
| 28:10 | Build | Farm |
| 28:40 | Age | Castle Age |
| 28:44 | Research | Light Cavalry (upgrade) |
| 28:46 | Research | Chain Barding Armor |
| 28:53 | Build | Town Center |
| 28:55 | Create | Villager (Male) |
| 29:01 | Build | Town Center |
| 29:05 | Create | Villager (Male) |
| 29:08 | Create | Scout Cavalry |
| 29:08 | Create | Scout Cavalry |
| 29:19 | Create | Villager (Male) |
| 29:22 | Research | Heavy Plow |
| 29:30 | Research | Bow Saw |
| 29:40 | Create | Villager (Male) |
| 29:53 | Create | Villager (Male) |
| 29:54 | Research | Town Patrol |
| 30:05 | Create | Villager (Male) |
| 30:13 | Create | Villager (Male) |
| 30:17 | Create | Scout Cavalry ×2 |
| 30:19 | Create | Villager (Male) |
| 30:20 | Create | Villager (Male) |
Build order — Calimehtar
First 150 of 182 actions detected
| 0:05 | Build | House |
| 0:08 | Build | House |
| 0:15 | Build | Town Center |
| 2:57 | Create | Villager (Male) |
| 2:57 | Create | Villager (Male) |
| 2:57 | Create | Villager (Male) |
| 2:58 | Create | Villager (Male) |
| 2:58 | Create | Villager (Male) |
| 2:58 | Create | Villager (Male) |
| 4:35 | Create | Villager (Male) |
| 4:35 | Create | Villager (Male) |
| 4:36 | Create | Villager (Male) |
| 5:01 | Build | Lumber Camp |
| 5:22 | Create | Villager (Male) |
| 5:22 | Create | Villager (Male) |
| 5:22 | Create | Villager (Male) |
| 5:44 | Create | Villager (Male) |
| 5:44 | Create | Villager (Male) |
| 6:09 | Create | Villager (Male) |
| 6:09 | Create | Villager (Male) |
| 6:09 | Create | Villager (Male) |
| 6:28 | Create | Villager (Male) |
| 6:28 | Create | Villager (Male) |
| 6:28 | Create | Villager (Male) |
| 6:49 | Create | Villager (Male) |
| 6:49 | Create | Villager (Male) |
| 6:50 | Create | Villager (Male) |
| 6:54 | Build | House |
| 7:13 | Create | Villager (Male) |
| 7:14 | Create | Villager (Male) |
| 7:14 | Create | Villager (Male) |
| 7:22 | Build | House |
| 8:23 | Create | Villager (Male) |
| 8:24 | Create | Villager (Male) |
| 8:24 | Create | Villager (Male) |
| 8:24 | Create | Villager (Male) |
| 8:24 | Create | Villager (Male) |
| 8:28 | Build | Mill |
| 8:39 | Build | Palisade Gate |
| 8:43 | Build | Palisade Wall |
| 9:17 | Build | Farm |
| 9:43 | Build | Farm |
| 10:02 | Create | Villager (Male) |
| 10:02 | Create | Villager (Male) |
| 10:02 | Create | Villager (Male) |
| 10:03 | Create | Villager (Male) |
| 10:31 | Build | Farm |
| 10:58 | Build | Farm |
| 11:25 | Build | Farm |
| 11:44 | Create | Villager (Male) |
| 11:45 | Create | Villager (Male) |
| 12:09 | Create | Villager (Male) |
| 12:09 | Create | Villager (Male) |
| 12:09 | Create | Villager (Male) |
| 12:14 | Build | Farm |
| 12:45 | Build | Farm |
| 12:47 | Create | Villager (Male) |
| 12:47 | Create | Villager (Male) |
| 12:53 | Build | House |
| 12:59 | Build | Barracks |
| 13:09 | Build | Farm |
| 13:09 | Build | Farm |
| 13:09 | Build | Farm |
| 13:10 | Build | Farm |
| 13:46 | Build | Palisade Wall |
| 13:58 | Research | Loom |
| 15:07 | Build | Palisade Gate |
| 15:20 | Build | Palisade Wall |
| 15:59 | Build | Mining Camp |
| 16:25 | Build | House |
| 16:58 | Research | Feudal Age |
| 17:35 | Build | Farm |
| 19:08 | Age | Feudal Age |
| 21:57 | Build | Town Center |
| 22:28 | Build | Mining Camp |
| 22:38 | Build | Lumber Camp |
| 23:04 | Create | Villager (Male) |
| 23:05 | Create | Villager (Male) |
| 23:05 | Create | Villager (Male) |
| 23:05 | Create | Villager (Male) |
| 23:05 | Create | Villager (Male) |
| 23:06 | Create | Villager (Male) |
| 23:06 | Create | Villager (Male) |
| 23:06 | Create | Villager (Male) |
| 23:07 | Create | Villager (Male) |
| 23:07 | Create | Villager (Male) |
| 23:07 | Create | Villager (Male) |
| 23:07 | Create | Villager (Male) |
| 23:08 | Create | Villager (Male) |
| 23:08 | Create | Villager (Male) |
| 23:08 | Create | Villager (Male) |
| 23:08 | Create | Villager (Male) |
| 23:25 | Build | Farm |
| 23:26 | Build | Farm |
| 23:26 | Build | Farm |
| 23:26 | Build | Farm |
| 23:41 | Build | Farm |
| 23:58 | Build | Farm |
| 25:55 | Build | Archery Range |
| 27:06 | Build | Blacksmith |
| 27:29 | Create | Villager (Male) |
| 27:29 | Create | Villager (Male) |
| 28:13 | Create | Villager (Male) |
| 28:24 | Build | Farm |
| 28:50 | Build | Archery Range |
| 29:02 | Create | Villager (Male) |
| 29:03 | Create | Villager (Male) |
| 30:04 | Build | Farm |
| 30:04 | Build | Farm |
| 30:05 | Build | Farm |
| 30:05 | Build | Farm |
| 30:43 | Research | Castle Age |
| 31:27 | Build | Market |
| 31:55 | Research | Padded Archer Armor |
| 32:28 | Build | House |
| 32:31 | Build | House |
| 32:53 | Research | Fletching |
| 33:13 | Build | Farm |
| 33:23 | Age | Castle Age |
| 33:29 | Build | Castle |
| 33:38 | Create | Villager (Male) |
| 33:38 | Create | Villager (Male) |
| 33:38 | Create | Villager (Male) |
| 33:39 | Create | Villager (Male) |
| 34:00 | Build | Castle |
| 34:45 | Create | Trade Cart |
| 34:45 | Create | Trade Cart |
| 35:20 | Build | Mining Camp |
| 35:33 | Build | House |
| 35:36 | Build | House |
| 35:43 | Create | Villager (Male) |
| 35:43 | Create | Villager (Male) |
| 36:41 | Build | Lumber Camp |
| 36:51 | Create | Villager (Male) |
| 36:51 | Create | Villager (Male) |
| 36:57 | Research | Bodkin Arrow |
| 37:27 | Build | Farm |
| 37:58 | Build | University |
| 38:21 | Research | Double-Bit Axe |
| 38:45 | Build | Stable |
| 38:50 | Build | Stable |
| 39:01 | Research | Murder Holes |
| 39:50 | Research | Scale Barding Armor |
| 40:39 | Create | Villager (Male) |
| 40:39 | Create | Villager (Male) |
| 40:39 | Create | Villager (Male) |
| 40:45 | Create | Trade Cart |
| 41:19 | Build | Town Center |
| 41:34 | Create | Scout Cavalry |
| 41:34 | Create | Scout Cavalry |
Build order — Sir Loinsteak
First 150 of 286 actions detected
| 0:41 | Build | Town Center |
| 2:41 | Build | House |
| 2:42 | Build | House |
| 2:44 | Build | House |
| 3:00 | Create | Villager (Male) |
| 3:00 | Create | Villager (Male) |
| 3:01 | Create | Villager (Male) |
| 3:01 | Create | Villager (Male) |
| 3:01 | Create | Villager (Male) |
| 4:20 | Create | Villager (Male) |
| 4:20 | Create | Villager (Male) |
| 4:49 | Create | Villager (Male) |
| 4:49 | Create | Villager (Male) |
| 5:06 | Create | Villager (Male) |
| 5:07 | Create | Villager (Male) |
| 5:48 | Create | Villager (Male) |
| 5:48 | Create | Villager (Male) |
| 6:02 | Build | Mill |
| 6:07 | Create | Villager (Male) |
| 6:07 | Create | Villager (Male) |
| 6:45 | Create | Villager (Male) |
| 6:45 | Create | Villager (Male) |
| 6:55 | Create | Villager (Male) |
| 6:55 | Create | Villager (Male) |
| 7:45 | Create | Villager (Male) |
| 7:46 | Create | Villager (Male) |
| 7:47 | Create | Villager (Male) |
| 7:47 | Create | Villager (Male) |
| 8:19 | Create | Villager (Male) |
| 8:19 | Create | Villager (Male) |
| 8:19 | Create | Villager (Male) |
| 8:20 | Create | Villager (Male) |
| 8:30 | Build | House |
| 8:31 | Build | House |
| 8:51 | Build | Mill |
| 9:02 | Build | Farm |
| 9:04 | Build | Farm |
| 9:06 | Build | Farm |
| 9:17 | Create | Villager (Male) |
| 9:18 | Create | Villager (Male) |
| 9:18 | Create | Villager (Male) |
| 9:36 | Build | Farm |
| 9:51 | Create | Villager (Male) |
| 10:10 | Build | Farm |
| 10:31 | Build | Farm |
| 10:33 | Create | Villager (Male) |
| 11:09 | Research | Loom |
| 11:13 | Create | Villager (Male) |
| 11:33 | Research | Loom |
| 11:33 | Create | Villager (Male) |
| 11:50 | Build | Lumber Camp |
| 12:22 | Research | Feudal Age |
| 12:35 | Build | Lumber Camp |
| 12:47 | Build | Mining Camp |
| 13:06 | Create | Villager (Male) |
| 13:06 | Create | Villager (Male) |
| 13:51 | Build | Farm |
| 13:51 | Build | Farm |
| 13:51 | Build | Farm |
| 13:52 | Build | Farm |
| 14:33 | Age | Feudal Age |
| 14:39 | Build | Market |
| 14:57 | Build | Blacksmith |
| 14:59 | Create | Villager (Male) |
| 15:00 | Create | Villager (Male) |
| 15:31 | Create | Villager (Male) |
| 15:50 | Build | House |
| 15:53 | Build | House |
| 16:04 | Build | Lumber Camp |
| 16:46 | Create | Villager (Male) |
| 16:51 | Research | Castle Age |
| 17:05 | Build | House |
| 17:24 | Research | Double-Bit Axe |
| 17:30 | Research | Horse Collar |
| 17:58 | Build | Barracks |
| 18:24 | Research | Gold Mining |
| 19:01 | Build | House |
| 19:30 | Build | Lumber Camp |
| 19:31 | Age | Castle Age |
| 19:53 | Build | Town Center |
| 19:55 | Create | Villager (Male) |
| 20:11 | Create | Villager (Male) |
| 20:42 | Research | Caravan |
| 21:05 | Create | Villager (Male) |
| 21:05 | Create | Villager (Male) |
| 21:29 | Build | Barracks |
| 22:14 | Create | Trade Cart |
| 22:14 | Create | Trade Cart |
| 22:15 | Create | Trade Cart |
| 22:31 | Build | Farm |
| 22:31 | Build | Farm |
| 22:32 | Build | Farm |
| 22:32 | Build | Farm |
| 22:33 | Build | Farm |
| 22:34 | Create | Villager (Male) |
| 22:34 | Create | Villager (Male) |
| 22:35 | Create | Villager (Male) |
| 22:35 | Create | Villager (Male) |
| 22:40 | Create | Villager (Male) |
| 22:40 | Create | Villager (Male) |
| 22:41 | Create | Villager (Male) |
| 23:28 | Build | Farm |
| 23:28 | Build | Farm |
| 23:28 | Build | Farm |
| 23:36 | Create | Villager (Male) |
| 23:36 | Create | Villager (Male) |
| 23:37 | Create | Villager (Male) |
| 23:55 | Create | Villager (Male) |
| 23:55 | Create | Villager (Male) |
| 24:00 | Create | Villager (Male) |
| 24:00 | Create | Villager (Male) |
| 24:14 | Build | Farm |
| 24:15 | Build | Farm |
| 24:20 | Build | Farm |
| 24:31 | Create | Villager (Male) |
| 25:19 | Create | Villager (Male) |
| 25:20 | Create | Villager (Male) |
| 25:20 | Create | Villager (Male) |
| 25:28 | Create | Villager (Male) |
| 25:28 | Create | Villager (Male) |
| 26:04 | Build | House |
| 26:05 | Build | House |
| 26:38 | Build | Castle |
| 26:45 | Create | Villager (Male) |
| 26:46 | Create | Villager (Male) |
| 26:47 | Create | Villager (Male) |
| 26:47 | Create | Villager (Male) |
| 26:47 | Create | Villager (Male) |
| 26:48 | Create | Villager (Male) |
| 26:48 | Create | Villager (Male) |
| 26:48 | Create | Villager (Male) |
| 26:48 | Create | Villager (Male) |
| 26:49 | Create | Villager (Male) |
| 26:55 | Create | Villager (Male) |
| 26:55 | Create | Villager (Male) |
| 27:16 | Research | Bow Saw |
| 28:05 | Build | Siege Workshop |
| 28:26 | Create | Mangonel |
| 28:26 | Create | Mangonel |
| 28:59 | Create | Villager (Male) |
| 29:00 | Create | Villager (Male) |
| 29:07 | Create | Trade Cart |
| 29:07 | Create | Trade Cart |
| 29:07 | Create | Trade Cart |
| 29:07 | Create | Trade Cart |
| 29:08 | Create | Trade Cart |
| 29:08 | Create | Trade Cart |
| 29:11 | Create | Trade Cart |
| 29:11 | Create | Trade Cart |
| 29:15 | Build | House |
Build order — condandonglao
First 150 of 159 actions detected
| 0:19 | Build | Town Center |
| 0:25 | Build | House |
| 0:53 | Build | Palisade Wall |
| 0:54 | Build | Palisade Wall |
| 0:54 | Build | Palisade Wall |
| 2:48 | Create | Villager (Male) |
| 2:48 | Create | Villager (Male) |
| 2:49 | Create | Villager (Male) |
| 2:49 | Create | Villager (Male) |
| 4:16 | Research | Loom |
| 4:27 | Create | Villager (Male) |
| 4:27 | Create | Villager (Male) |
| 5:01 | Create | Villager (Male) |
| 5:02 | Create | Villager (Male) |
| 5:24 | Create | Villager (Male) |
| 5:24 | Create | Villager (Male) |
| 5:50 | Build | House |
| 6:11 | Create | Villager (Male) |
| 6:15 | Build | House |
| 6:49 | Create | Villager (Male) |
| 6:49 | Create | Villager (Male) |
| 6:54 | Build | Outpost |
| 7:26 | Build | Mining Camp |
| 7:35 | Create | Villager (Male) |
| 7:57 | Create | Villager (Male) |
| 8:39 | Create | Villager (Male) |
| 9:07 | Create | Villager (Male) |
| 9:17 | Build | Lumber Camp |
| 9:30 | Create | Villager (Male) |
| 10:35 | Build | Mining Camp |
| 11:04 | Build | House |
| 11:21 | Build | Palisade Wall |
| 11:34 | Research | Feudal Age |
| 11:35 | Research | Feudal Age |
| 12:26 | Build | Mill |
| 13:08 | Build | House |
| 13:14 | Build | House |
| 13:25 | Build | House |
| 13:30 | Build | Palisade Wall |
| 13:31 | Build | Palisade Wall |
| 13:44 | Age | Feudal Age |
| 13:47 | Build | Watch Tower |
| 14:17 | Build | Barracks |
| 14:20 | Create | Villager (Male) |
| 14:20 | Create | Villager (Male) |
| 14:21 | Create | Villager (Male) |
| 14:29 | Build | House |
| 14:55 | Build | Watch Tower |
| 15:04 | Create | Villager (Male) |
| 15:04 | Create | Villager (Male) |
| 15:04 | Create | Villager (Male) |
| 15:42 | Build | Watch Tower |
| 15:48 | Build | House |
| 16:05 | Create | Villager (Male) |
| 16:05 | Create | Villager (Male) |
| 16:55 | Create | Villager (Male) |
| 17:30 | Build | Farm |
| 17:32 | Create | Villager (Male) |
| 17:50 | Build | Watch Tower |
| 18:06 | Build | Mill |
| 18:50 | Build | Farm |
| 19:36 | Build | Watch Tower |
| 19:59 | Create | Villager (Male) |
| 20:00 | Create | Villager (Male) |
| 20:00 | Create | Villager (Male) |
| 20:23 | Build | Watch Tower |
| 20:46 | Build | Watch Tower |
| 20:59 | Create | Villager (Male) |
| 21:00 | Create | Villager (Male) |
| 21:00 | Create | Villager (Male) |
| 22:10 | Build | Watch Tower |
| 22:19 | Create | Villager (Male) |
| 22:19 | Create | Villager (Male) |
| 22:53 | Build | Watch Tower |
| 23:04 | Create | Villager (Male) |
| 23:10 | Build | House |
| 24:30 | Build | Lumber Camp |
| 24:35 | Build | Farm |
| 25:32 | Build | Mining Camp |
| 26:05 | Build | Market |
| 26:40 | Build | Watch Tower |
| 27:23 | Build | Watch Tower |
| 27:43 | Build | Watch Tower |
| 29:10 | Build | Blacksmith |
| 29:48 | Research | Castle Age |
| 29:48 | Research | Castle Age |
| 30:37 | Build | Lumber Camp |
| 32:28 | Age | Castle Age |
| 34:55 | Build | Castle |
| 35:09 | Build | Castle |
| 35:39 | Build | House |
| 35:45 | Build | Palisade Wall |
| 36:06 | Build | House |
| 36:38 | Build | Mining Camp |
| 36:54 | Build | Siege Workshop |
| 36:58 | Build | Farm |
| 37:37 | Build | Farm |
| 37:40 | Build | Farm |
| 37:42 | Build | Farm |
| 37:54 | Create | Battering Ram |
| 37:54 | Create | Battering Ram |
| 39:09 | Create | Battering Ram |
| 39:10 | Create | Battering Ram |
| 39:27 | Create | Villager (Male) |
| 39:27 | Create | Villager (Male) |
| 39:27 | Create | Villager (Male) |
| 39:28 | Create | Villager (Male) |
| 39:28 | Create | Villager (Male) |
| 39:47 | Create | Iron Pagoda |
| 41:56 | Create | Iron Pagoda |
| 41:56 | Create | Iron Pagoda |
| 42:27 | Create | Villager (Male) |
| 42:27 | Create | Villager (Male) |
| 42:27 | Create | Villager (Male) |
| 42:27 | Create | Villager (Male) |
| 42:28 | Create | Villager (Male) |
| 43:51 | Build | Town Center |
| 44:23 | Build | Barracks |
| 45:28 | Build | Archery Range |
| 45:29 | Build | Archery Range |
| 45:38 | Build | Market |
| 46:39 | Research | Crossbowman (upgrade) |
| 46:43 | Build | Archery Range |
| 46:52 | Build | Farm |
| 46:54 | Build | Farm |
| 46:55 | Build | Farm |
| 46:58 | Build | Farm |
| 47:30 | Create | Archer ×2 |
| 47:30 | Create | Archer ×2 |
| 47:36 | Build | House |
| 47:37 | Build | House |
| 47:39 | Build | House |
| 47:41 | Build | House |
| 47:50 | Create | Villager (Male) |
| 47:50 | Create | Villager (Male) |
| 47:50 | Create | Villager (Male) |
| 47:51 | Create | Villager (Male) |
| 48:22 | Build | Farm |
| 48:29 | Build | House |
| 48:30 | Build | House |
| 48:30 | Build | House |
| 48:30 | Build | House |
| 49:38 | Research | Elite Skirmisher (upgrade) |
| 49:53 | Create | Skirmisher ×5 |
| 49:53 | Create | Skirmisher ×5 |
| 49:53 | Create | Skirmisher ×5 |
| 49:57 | Build | Farm |
| 50:15 | Build | House |
| 50:15 | Build | House |
| 50:15 | Build | House |
Build order — Iron Kaiser Gaming
First 150 of 317 actions detected
| 0:16 | Build | Town Center |
| 0:23 | Build | Town Center |
| 2:47 | Create | Villager (Male) |
| 2:47 | Create | Villager (Male) |
| 3:00 | Build | House |
| 3:00 | Research | Loom |
| 3:02 | Create | Villager (Male) |
| 3:02 | Create | Villager (Male) |
| 3:02 | Create | Villager (Male) |
| 3:09 | Build | House |
| 3:12 | Build | House |
| 4:30 | Build | House |
| 4:46 | Create | Villager (Male) |
| 5:24 | Create | Villager (Male) |
| 5:24 | Create | Villager (Male) |
| 5:49 | Create | Villager (Male) |
| 6:09 | Build | Mill |
| 6:16 | Create | Villager (Male) |
| 6:16 | Create | Villager (Male) |
| 6:45 | Create | Villager (Male) |
| 6:45 | Create | Villager (Male) |
| 7:18 | Create | Villager (Male) |
| 7:42 | Create | Villager (Male) |
| 8:24 | Create | Villager (Male) |
| 8:24 | Create | Villager (Male) |
| 9:15 | Build | Barracks |
| 9:16 | Create | Villager (Male) |
| 9:41 | Create | Villager (Male) |
| 10:14 | Research | Feudal Age |
| 10:17 | Build | House |
| 11:08 | Build | Mining Camp |
| 12:24 | Age | Feudal Age |
| 12:27 | Build | Lumber Camp |
| 12:29 | Research | Horse Collar |
| 12:31 | Build | Farm |
| 12:32 | Build | Farm |
| 12:35 | Build | Farm |
| 12:41 | Build | Farm |
| 12:43 | Build | Farm |
| 12:49 | Create | Villager (Male) |
| 12:51 | Create | Villager (Male) |
| 12:55 | Build | Farm |
| 12:58 | Research | Double-Bit Axe |
| 13:39 | Create | Villager (Male) |
| 13:53 | Build | Stable |
| 14:00 | Create | Villager (Male) |
| 14:08 | Build | Farm |
| 14:30 | Build | Farm |
| 14:32 | Create | Villager (Male) |
| 14:48 | Build | Farm |
| 14:57 | Create | Villager (Male) |
| 15:01 | Build | Farm |
| 15:23 | Create | Villager (Male) |
| 15:34 | Build | Farm |
| 15:46 | Build | Farm |
| 15:48 | Create | Villager (Male) |
| 15:52 | Build | Farm |
| 15:56 | Create | Scout Cavalry |
| 16:03 | Build | House |
| 16:06 | Build | Palisade Gate |
| 16:12 | Create | Villager (Male) |
| 16:41 | Create | Villager (Male) |
| 16:49 | Build | Farm |
| 16:50 | Create | Scout Cavalry |
| 17:19 | Create | Villager (Male) |
| 17:24 | Create | Scout Cavalry |
| 18:12 | Create | Villager (Male) |
| 18:12 | Create | Villager (Male) |
| 18:12 | Create | Villager (Male) |
| 18:26 | Create | Villager (Male) |
| 18:37 | Create | Villager (Male) |
| 18:43 | Build | House |
| 18:43 | Build | House |
| 19:31 | Create | Villager (Male) |
| 19:32 | Create | Villager (Male) |
| 19:52 | Build | Mining Camp |
| 19:59 | Build | Market |
| 21:13 | Create | Villager (Male) |
| 21:51 | Build | Archery Range |
| 21:54 | Build | Archery Range |
| 21:57 | Build | Palisade Gate |
| 22:03 | Research | Castle Age |
| 22:21 | Build | House |
| 22:22 | Build | House |
| 23:12 | Build | Blacksmith |
| 23:15 | Create | Skirmisher |
| 23:16 | Create | Skirmisher |
| 23:16 | Create | Skirmisher |
| 23:17 | Create | Skirmisher |
| 23:48 | Create | Villager (Male) |
| 24:03 | Research | Fletching |
| 24:06 | Research | Padded Archer Armor |
| 24:39 | Create | Trade Cart |
| 24:39 | Create | Trade Cart |
| 24:40 | Create | Trade Cart |
| 24:40 | Create | Trade Cart |
| 24:41 | Create | Trade Cart |
| 24:43 | Age | Castle Age |
| 24:49 | Create | Villager (Male) |
| 24:50 | Create | Villager (Male) |
| 25:02 | Create | Villager (Male) |
| 25:02 | Create | Villager (Male) |
| 25:24 | Research | Bow Saw |
| 25:38 | Build | Town Center |
| 25:47 | Create | Cavalry Archer |
| 25:47 | Create | Cavalry Archer |
| 26:09 | Create | Knight |
| 26:09 | Create | Knight |
| 26:11 | Create | Villager (Male) |
| 26:12 | Create | Villager (Male) |
| 26:35 | Create | Cavalry Archer |
| 26:35 | Create | Cavalry Archer |
| 26:40 | Build | House |
| 26:42 | Build | House |
| 26:47 | Build | House |
| 26:53 | Create | Villager (Male) |
| 27:01 | Build | House |
| 27:02 | Build | House |
| 27:12 | Create | Cavalry Archer |
| 27:12 | Create | Cavalry Archer |
| 27:16 | Create | Cavalry Archer |
| 27:18 | Create | Villager (Male) |
| 27:18 | Create | Villager (Male) |
| 27:55 | Create | Villager (Male) |
| 27:55 | Create | Villager (Male) |
| 28:03 | Create | Cavalry Archer |
| 28:03 | Create | Cavalry Archer |
| 28:03 | Create | Cavalry Archer |
| 28:04 | Create | Cavalry Archer |
| 28:05 | Research | Bodkin Arrow |
| 28:27 | Create | Trade Cart |
| 29:02 | Create | Villager (Male) |
| 29:03 | Create | Villager (Male) |
| 29:04 | Create | Villager (Male) |
| 29:06 | Create | Villager (Male) |
| 29:11 | Build | Farm |
| 29:16 | Build | Farm |
| 29:17 | Build | Farm |
| 29:20 | Build | Farm |
| 29:32 | Create | Villager (Male) |
| 29:33 | Create | Villager (Male) |
| 29:33 | Create | Villager (Male) |
| 29:34 | Create | Villager (Male) |
| 29:50 | Build | Town Center |
| 30:06 | Create | Cavalry Archer |
| 30:06 | Create | Cavalry Archer |
| 30:08 | Research | Thumb Ring |
| 30:23 | Build | Lumber Camp |
| 30:32 | Create | Villager (Male) |
| 30:32 | Create | Villager (Male) |
Match timeline
| 0:53 | condandonglao · wall_segment Palisade Wall x1 |
| 0:54 | condandonglao · wall_segment Palisade Wall x1 |
| 0:54 | condandonglao · wall_segment Palisade Wall x1 |
| 6:58 | Maximo7z · wall_segment Palisade Wall x13 |
| 7:01 | Maximo7z · wall_segment Palisade Wall x6 |
| 8:43 | Calimehtar · wall_segment Palisade Wall x8 |
| 9:15 | Iron Kaiser Gaming · first_building Barracks |
| 9:59 | _xy_2252 · wall_segment Palisade Wall x1 |
| 10:55 | Maximo7z · wall_segment Palisade Wall x1 |
| 10:57 | Maximo7z · wall_segment Palisade Wall x1 |
| 10:59 | Maximo7z · wall_segment Palisade Wall x6 |
| 11:21 | condandonglao · wall_segment Palisade Wall x1 |
| 11:45 | [FCH] Hothir · wall_segment Palisade Wall x1 |
| 11:55 | [FCH] Hothir · wall_segment Palisade Wall x1 |
| 12:24 | Iron Kaiser Gaming · age_up feudal |
| 12:31 | Maximo7z · wall_segment Palisade Wall x5 |
| 12:53 | [FCH] Hothir · first_building Barracks |
| 12:59 | Calimehtar · first_building Barracks |
| 13:08 | Грызун Уретры · age_up feudal |
| 13:30 | condandonglao · wall_segment Palisade Wall x1 |
| 13:31 | condandonglao · wall_segment Palisade Wall x1 |
| 13:44 | condandonglao · age_up feudal |
| 13:46 | Calimehtar · wall_segment Palisade Wall x4 |
| 13:47 | Maximo7z · first_building Barracks |
| 13:53 | Iron Kaiser Gaming · first_building Stable |
| 14:13 | Maximo7z · wall_segment Palisade Wall x1 |
| 14:16 | Maximo7z · wall_segment Palisade Wall x12 |
| 14:17 | condandonglao · first_building Barracks |
| 14:19 | Грызун Уретры · wall_segment Stone Wall x7 |
| 14:33 | Sir Loinsteak · age_up feudal |
| 14:41 | Maximo7z · wall_segment Palisade Wall x3 |
| 15:02 | _xy_2252 · age_up feudal |
| 15:17 | _xy_2252 · first_building Donjon |
| 15:20 | Calimehtar · wall_segment Palisade Wall x9 |
| 15:28 | Maximo7z · age_up feudal |
| 15:29 | Грызун Уретры · wall_segment Stone Wall x1 |
| 15:43 | [FCH] Hothir · age_up feudal |
| 15:54 | Maximo7z · wall_segment Palisade Wall x2 |
| 16:11 | Грызун Уретры · wall_segment Stone Wall x8 |
| 16:13 | _xy_2252 · wall_segment Palisade Wall x4 |
| 16:27 | _xy_2252 · wall_segment Palisade Wall x2 |
| 16:29 | _xy_2252 · wall_segment Palisade Wall x1 |
| 16:35 | Maximo7z · wall_segment Palisade Wall x1 |
| 17:21 | Грызун Уретры · wall_segment Stone Wall x2 |
| 17:32 | Грызун Уретры · wall_segment Stone Wall x3 |
| 17:35 | [FCH] Hothir · wall_segment Palisade Wall x1 |
| 17:42 | Грызун Уретры · wall_segment Stone Wall x1 |
| 17:58 | Sir Loinsteak · first_building Barracks |
| 18:15 | Грызун Уретры · first_building Barracks |
| 19:08 | Calimehtar · age_up feudal |
| 19:28 | [FCH] Hothir · wall_segment Palisade Wall x1 |
| 19:31 | Sir Loinsteak · age_up castle |
| 19:32 | Грызун Уретры · first_building Archery Range |
| 19:39 | Maximo7z · wall_segment Palisade Wall x1 |
| 19:41 | _xy_2252 · first_building Barracks |
| 19:41 | [FCH] Hothir · first_building Stable |
| 19:47 | Sir Loinsteak · first_market_buy 100 wood |
| 19:49 | Maximo7z · wall_segment Stone Wall x1 |
| 19:50 | Maximo7z · wall_segment Stone Wall x1 |
| 19:51 | Maximo7z · wall_segment Stone Wall x1 |
| 19:52 | Maximo7z · wall_segment Stone Wall x3 |
| 19:53 | Maximo7z · wall_segment Stone Wall x1 |
| 19:54 | Maximo7z · wall_segment Stone Wall x1 |
| 19:54 | Maximo7z · wall_segment Stone Wall x1 |
| 20:05 | Sir Loinsteak · first_market_sell 100 wood |
| 20:46 | Грызун Уретры · age_up castle |
| 21:14 | Грызун Уретры · first_building Castle |
| 21:25 | Maximo7z · wall_segment Palisade Wall x1 |
| 21:51 | Iron Kaiser Gaming · first_building Archery Range |
| 22:00 | Sir Loinsteak · tribute_sent a jugador 1 |
| 22:00 | Sir Loinsteak · tribute_sent a jugador 2 |
| 22:00 | Sir Loinsteak · tribute_sent a jugador 3 |
| 22:01 | Sir Loinsteak · tribute_sent a jugador 4 |
| 22:01 | Sir Loinsteak · tribute_sent a jugador 5 |
| 22:01 | Sir Loinsteak · tribute_sent a jugador 7 |
| 22:01 | Sir Loinsteak · tribute_sent a jugador 8 |
| 22:13 | Грызун Уретры · wall_segment Stone Wall x1 |
| 22:18 | Грызун Уретры · wall_segment Stone Wall x2 |
| 24:43 | Iron Kaiser Gaming · age_up castle |
| 25:04 | Maximo7z · first_building Stable |
| 25:15 | Грызун Уретры · wall_segment Stone Wall x12 |
| 25:20 | _xy_2252 · age_up castle |
| 25:29 | _xy_2252 · first_building Monastery |
| 25:32 | Iron Kaiser Gaming · first_market_buy 100 wood |
| 25:55 | Calimehtar · first_building Archery Range |
| 26:32 | [FCH] Hothir · first_building Archery Range |
| 26:38 | Sir Loinsteak · first_building Castle |
| 27:57 | Грызун Уретры · wall_segment Stone Wall x5 |
| 28:05 | Sir Loinsteak · first_building Siege Workshop |
| 28:16 | Грызун Уретры · wall_segment Stone Wall x12 |
| 28:37 | condandonglao · first_market_sell 100 wood |
| 28:40 | condandonglao · first_market_buy 100 food |
| 28:40 | Maximo7z · age_up castle |
| 28:47 | Iron Kaiser Gaming · first_market_sell 100 wood |
| 28:52 | [FCH] Hothir · age_up castle |
| 28:56 | [FCH] Hothir · first_building Siege Workshop |
| 30:28 | _xy_2252 · first_building Castle |
| 31:32 | Maximo7z · first_building Monastery |
| 31:44 | Грызун Уретры · wall_segment Stone Wall x4 |
| 32:28 | condandonglao · age_up castle |
| 32:30 | Грызун Уретры · first_building Siege Workshop |
| 33:23 | Calimehtar · age_up castle |
| 33:29 | Calimehtar · first_building Castle |
| 33:55 | Грызун Уретры · wall_segment Stone Wall x7 |
| 33:57 | Грызун Уретры · wall_segment Stone Wall x1 |
| 34:30 | Calimehtar · first_market_sell 100 stone |
| 34:47 | [FCH] Hothir · first_market_sell 100 wood |
| 34:55 | condandonglao · first_building Castle |
| 35:21 | _xy_2252 · first_building Stable |
| 35:45 | condandonglao · wall_segment Palisade Wall x1 |
| 36:40 | _xy_2252 · age_up imperial |
| 36:54 | condandonglao · first_building Siege Workshop |
| 37:07 | Iron Kaiser Gaming · first_building Siege Workshop |
| 37:32 | Грызун Уретры · first_market_buy 100 wood |
| 38:03 | Грызун Уретры · first_market_sell 100 food |
| 38:24 | Грызун Уретры · wall_segment Stone Wall x4 |
| 38:45 | Calimehtar · first_building Stable |
| 39:31 | Maximo7z · first_market_sell 500 wood |
| 39:55 | Iron Kaiser Gaming · wall_segment Palisade Wall x8 |
| 40:05 | [FCH] Hothir · first_building Monastery |
| 40:18 | _xy_2252 · first_market_sell 100 food |
| 40:21 | Sir Loinsteak · age_up imperial |
| 41:21 | Iron Kaiser Gaming · age_up imperial |
| 42:00 | Грызун Уретры · age_up imperial |
| 43:38 | [FCH] Hothir · wall_segment Palisade Wall x2 |
| 44:12 | Maximo7z · age_up imperial |
| 45:28 | condandonglao · first_building Archery Range |
| 45:34 | Sir Loinsteak · first_building Archery Range |
| 45:43 | Maximo7z · first_building Siege Workshop |
| 45:53 | Maximo7z · first_building Archery Range |
| 46:21 | Sir Loinsteak · first_building Stable |
| 48:37 | Calimehtar · first_building Siege Workshop |
| 49:09 | Maximo7z · wall_segment Stone Wall x1 |
| 49:10 | Maximo7z · wall_segment Stone Wall x1 |
| 49:20 | Maximo7z · wall_segment Stone Wall x1 |
| 49:24 | Maximo7z · wall_segment Stone Wall x1 |
| 49:24 | Maximo7z · wall_segment Stone Wall x1 |
| 49:28 | Maximo7z · wall_segment Stone Wall x1 |
| 49:36 | Maximo7z · wall_segment Stone Wall x1 |
| 49:37 | Maximo7z · wall_segment Stone Wall x1 |
| 49:58 | Iron Kaiser Gaming · resign |
| 50:35 | _xy_2252 · first_building Siege Workshop |
| 51:13 | [FCH] Hothir · age_up imperial |
[ AI ANALYSIS · 1 CREDIT ]
What really happened in this match?
Wolo.gg analyzes every decision: build order, eco, micro, common mistakes by bracket. Personalized analysis on WhatsApp or Discord in 30 seconds.
Civ guide
Inca
Map guide
MegaRandom
Perfil
Jugador #8932154